Map: Polka LE

Players

Proto

  • Race: Protoss Protoss
  • Spawn Location: 11:00

VirtualRepka

  • Race: Zerg Zerg
  • League: Platinum
  • Spawn Location: 11:00

qqq - Winner!

  • Race: Zerg Zerg
  • League: Platinum
  • Spawn Location: 5:00

Massa - Winner!

  • Race: Terran Terran
  • League: Platinum
  • Spawn Location: 5:00

VOD

Have the link to the VOD?

Description

Time

  • Played on: Nov. 23, 2020, 3:16 p.m.
  • Length: 6:09
Show
View Real Time Build Order
Export as new Build Order

Proto Protoss 

Build Orders:  

Get SALT Encoding   

  12  0:00  Probe  
  13  0:13  Probe  
  14  0:18  Pylon  
  14  0:25  Probe  
  15  0:37  Probe  
  15  0:41  Gateway  
  16  0:49  Probe  
  17  0:52  Assimilator  
  17  1:01  Probe  
  18  1:06  Assimilator  
  18  1:13  Probe, Pylon  
  19  1:25  Probe (Chrono Boost)  
  20  1:33  Cybernetics Core  
  20  1:38  Probe (Chrono Boost)  
  21  1:46  Probe (Chrono Boost)  
  22  1:52  Probe  
  23  2:01  Nexus  
  23  2:09  Adept  
  25  2:20  Probe  
  25  2:21  Robotics Facility  
  26  2:35  Probe  
  27  2:39  Warp Gate  
  27  2:40  Pylon  
  27  2:42  Stalker  
  29  2:56  Stargate  
  29  2:57  Probe  
  30  3:10  Assimilator  
  30  3:16  Observer  
  30  3:17  Probe  
  33  3:20  Probe  
  33  3:26  Assimilator  
  33  3:29  Probe  
  33  3:32  Probe, Pylon  
  35  3:34  Stalker  
  37  3:47  Probe x2  
  39  3:50  Immortal  
  43  3:59  Probe  
  44  4:39  Void Ray  
  44  4:51  Stalker  
  50  4:53  Probe  
  50  4:56  Probe  
  50  4:58  Forge  
  52  5:05  Probe  
  47  5:16  Adept  
  47  5:20  Immortal  
  49  5:26  Probe x2, Void Ray  
  55  5:38  Stargate  
  52  5:53  Photon Cannon  
Show
View Real Time Build Order
Export as new Build Order

VirtualRepka Zerg 

Build Orders: Hatch First 

Get SALT Encoding   

  12  0:02  Drone  
  13  0:15  Overlord  
  13  0:16  Drone  
  14  0:34  Drone x2  
  16  0:38  Drone  
  17  0:59  Hatchery, Drone  
  17  1:09  Drone  
  18  1:27  Drone  
  18  1:28  Drone  
  20  1:36  Drone, Extractor  
  20  1:40  Spawning Pool  
  20  1:44  Drone  
  20  1:59  Drone  
  21  2:06  Drone  
  22  2:11  Drone  
  23  2:18  Overlord  
  23  2:22  Extractor  
  22  2:24  Evolution Chamber  
  22  2:27  Drone x2  
  23  2:42  Drone, Extractor  
  23  2:45  Drone  
  23  2:47  Overlord  
  23  2:49  Metabolic Boost  
  24  2:51  Drone  
  24  2:54  Drone  
  26  2:58  Drone  
  28  3:07  Hatchery, Drone  
  28  3:08  Drone  
  28  3:12  Zerg Melee Weapons Level 1  
  28  3:22  Baneling Nest  
  27  3:29  Zergling x6  
  30  3:36  Drone x2  
  30  3:40  Zergling x2  
  33  3:43  Queen  
  33  3:45  Queen  
  37  3:49  Zergling x2  
  38  3:56  Zergling x2  
  39  4:08  Baneling x3  
  36  4:21  Drone x6  
  29  4:50  Zergling x4  
  29  4:51  Zergling x10  
  32  4:53  Spore Crawler  
  32  4:57  Zergling x4  
  33  5:09  Baneling x2  
  31  5:16  Zergling x8  
  33  5:30  Zergling x8  
  34  5:36  Drone x3  
  35  5:51  Overlord  
Show
View Real Time Build Order
Export as new Build Order

qqq Zerg - Winner!

Build Orders: Hatch First 

Get SALT Encoding   

  12  0:00  Drone  
  13  0:08  Drone  
  14  0:28  Overlord  
  14  0:50  Drone  
  14  0:51  Drone  
  14  0:54  Drone  
  14  0:56  Hatchery  
  16  1:12  Spawning Pool  
  16  1:32  Drone  
  16  1:33  Drone x2  
  16  1:36  Extractor  
  17  1:49  Drone  
  19  2:01  Drone, Queen  
  21  2:09  Queen  
  23  2:26  Hatchery  
  22  2:31  Drone  
  22  2:33  Overlord  
  22  2:34  Zergling x2  
  22  2:35  Drone x2  
  22  2:36  Drone  
  27  2:45  Zergling x2  
  28  2:52  Drone  
  28  2:55  Zergling x2  
  28  2:57  Drone  
  31  3:08  Zergling x2  
  31  3:09  Drone  
  33  3:15  Metabolic Boost  
  33  3:21  Zergling x6  
  33  3:25  Overlord  
  33  3:26  Overlord  
  36  3:35  Baneling Nest  
  36  3:36  Drone  
  36  3:39  Queen  
  36  3:40  Drone  
  39  3:42  Zergling x2  
  39  3:44  Zergling x2  
  41  3:52  Drone  
  41  3:53  Zergling x2  
  43  3:59  Zergling x2  
  43  4:00  Zergling x2  
  45  4:13  Spine Crawler  
  45  4:16  Zergling x4  
  42  4:24  Spine Crawler  
  42  4:26  Drone  
  42  4:27  Drone x5  
  42  4:28  Zergling x4  
  49  4:33  Zergling x2  
  49  4:34  Zergling x2  
  51  4:39  Baneling x2  
  51  4:51  Drone, Zergling x6  
  55  4:54  Drone, Zergling x4  
  55  5:07  Zergling x6  
  49  5:22  Zergling x2  
  49  5:23  Zergling x8  
  52  5:33  Spine Crawler  
  53  5:36  Zergling x10  
  53  5:38  Overlord x2  
  53  5:39  Overlord  
Show
View Real Time Build Order
Export as new Build Order

Massa Terran - Winner!

Build Orders:  

Get SALT Encoding   

  12  0:00  SCV  
  13  0:12  SCV  
  14  0:23  Supply Depot  
  14  0:25  SCV  
  15  0:36  Refinery  
  15  0:45  SCV  
  15  0:47  Barracks  
  16  0:57  SCV  
  17  1:09  SCV  
  18  1:21  SCV  
  18  1:33  SCV  
  18  1:35  Refinery  
  19  1:45  SCV  
  20  1:57  Factory  
  20  1:59  Reaper  
  21  2:02  Supply Depot  
  21  2:12  SCV  
  22  2:22  Command Center  
  23  2:31  Orbital Command  
  22  2:41  Marine  
  23  2:50  Supply Depot  
  23  3:02  Starport, SCV  
  24  3:11  Hellion  
  26  3:14  Barracks Reactor  
  26  3:29  SCV  
  26  3:32  Hellion  
  29  3:38  Orbital Command  
  29  3:41  SCV  
  30  3:42  Medivac  
  32  3:49  Marine x2  
  32  3:53  SCV, Hellion  
  37  4:15  Widow Mine  
  39  4:24  Marine x2  
  38  4:42  Marine x2  
  38  4:44  Widow Mine  
  38  4:59  Marine  
  38  5:03  Marine  
  38  5:04  SCV x2  
  38  5:05  Widow Mine  
  44  5:16  SCV x2, Barracks  
  44  5:17  Marine  
  47  5:21  Marine  
  47  5:23  Factory  
  47  5:25  Barracks  
  48  5:28  SCV  
  45  5:55  SCV x2  
Tags
 
Add a new tag
Caveats
  • Supply blocks, unpowered buildings, or Contaminate may cause inaccurate times.
  • Supply counts are checked every 10 seconds.